AoeStats
← Rafelso

Arena

508262215Analyzed
1v1 RM · 12d ago on Sep 21, 2026· 39m 46s· 2 players
Game mode
Random Map
Map size
Tiny (2 player)
Population
200
Speed
Normal
Resources
Standard
Victory
Conquest
Starting age
Dark Age
Ending age
Imperial Age
RankedLock teamsTeams togetherTeam positionsShared explorationLock speedFull tech treeHidden civsTurbo modeCheats
Victory
Defeat
🇨🇱 Burmese · Chile
1849
+15
🇫🇷 Aztecs · France
1836
-15
Rafelso
10:42 Feudal Age
11:10 Feudal Age
14:53 Castle Age
12:42 Double-Bit Axe
13:22 Horse Collar
14:59 Eagle Warrior
18:28 Squires
23:12 Forging
24:25 Wheelbarrow
23:36 Town Watch
24:48 Bow Saw
24:39 Heavy Plow
27:11 Gold Mining
29:44 Gold Shaft Mining
28:59 Stone Mining
28:42 Pikeman
32:44 Imperial Age
30:36 Hand Cart
31:50 Stone Shaft Mining
31:23 Scale Mail Armor
31:59 Iron Casting
32:31 Chain Mail Armor
34:53 Plate Mail Armor
35:59 Chemistry
35:08 Fletching
37:57 Blast Furnace
37:38 Garland Wars
36:46 Capped Ram
37:52 Ballistics
37:47 Bodkin Arrow
38:42 Loom
HR pikoLein
11:02 Feudal Age
14:49 Castle Age
13:03 Horse Collar
15:00 Light Cavalry
16:04 Forging
17:06 Husbandry
24:24 Iron Casting
24:39 Bloodlines
35:04 Imperial Age
33:04 Scale Mail Armor
32:43 Man-at-Arms
33:08 Gambesons
33:28 Squires
33:13 Arson
34:30 Chain Mail Armor
33:36 Long Swordsman
36:51 Chemistry
35:18 Two-Handed Swordsman
36:50 Plate Mail Armor
39:24 Conscription
Connection lost

Rejoining the realm…

Still unreachable

The connection could not be restored.

Session expired

The server has moved on; the page needs a fresh start.